 Dungeon Crawl Stone Soup version 0.27.1-1-g398f81649c (webtiles) character file.

Game seed: 11034470060274007144

65 Metae the Skirmisher (level 3, -1/33 HPs)
             Began as a Minotaur Fighter on Sept 17, 2021.
             Was an Initiate of Okawaru.
             Slain by a hobgoblin (2 damage)
             ... led by Robin
             ... on level 2 of the Dungeon.
             The game lasted 00:05:14 (1502 turns).

Metae the Skirmisher (Minotaur Fighter)             Turns: 1502, Time: 00:05:14

Health: -1/33      AC:  7    Str: 21    XL:     3   Next: 94%
Magic:  2/2        EV:  7    Int:  5    God:    Okawaru [......]
Gold:   41         SH:  9    Dex:  9    Spells: 2/2 levels left

rFire    . . .     SeeInvis .   a - +0 trident
rCold    . . .     Faith    .   c - +0 kite shield
rNeg     . . .     Spirit   .   b - +0 scale mail
rPois    .         Reflect  .   (helmet restricted)
rElec    .         Harm     .   (no cloak)
rCorr    .         Rampage  .   (no gloves)
Will     .....                  (no boots)
Stlth    ..........             (no amulet)
HPRegen  0.11/turn              (no ring)
MPRegen  0.08/turn              (no ring)

@: no status effects
A: horns 2, retaliatory headbutt
a: Renounce Religion


You were on level 2 of the Dungeon.
You worshipped Okawaru.
Okawaru was noncommittal.
You visited 1 branch of the dungeon, and saw 2 of its levels.

You collected 41 gold pieces.

Inventory:

Hand Weapons
 a - a +0 trident (weapon)
 h - a +2 vampiric short sword
 i - a +2 dagger of pain
Armour
 b - a +0 scale mail (worn)
 c - a +0 kite shield (worn)
Scrolls
 g - a scroll of fear {unknown}
 j - a scroll of teleportation {unknown}
 k - a scroll of noise {unknown}
Potions
 d - a potion of might
 e - a potion of invisibility {unknown}
 f - a potion of heal wounds {unknown}


   Skills:
 + Level 4.3 Fighting
 + Level 3.2 Polearms
 + Level 4.2 Armour
 + Level 4.3 Shields


You had 2 spell levels left.
You didn't know any spells.
Your spell library contained the following spells:

 Spells                   Type           Power      Damage    Failure   Level
 Shock                    Conj/Air       0%         1d3       99%         1
 Swiftness                Air            0%         N/A       100%        3
 Airstrike                Air            0%         N/A       100%        4


Dungeon Overview and Level Annotations

Branches:
Dungeon (2/15)

Altars:
Okawaru

Annotations:
D:2 Robin


Innate Abilities, Weirdness & Mutations

You have a pair of horns on your head.
You reflexively headbutt those who attack you in melee.


Message History

The hobgoblin shouts!
You hit Robin.
Robin is heavily wounded.
The goblin no longer looks unusually strong.
Robin hits you but does no damage. The goblin hits you but does no damage.
You block the goblin's attack.
Robin roars a battlecry!
The goblins go into a battle-frenzy!
You block the goblin's attack. The goblin hits you with a +0 dagger.
You barely miss Robin.
Robin is heavily wounded.
A goblin comes into view. It is wielding a +0 dagger.
The goblin hits you but does no damage. You block the goblin's attack.
You hit Robin but do no damage. Your headbutt misses Robin.
Robin is heavily wounded.
Robin roars a battlecry!
The hobgoblin goes into a battle-frenzy!
You block the goblin's attack. x2; The hobgoblin hits you.
You puncture Robin!
Robin is almost dead.
The goblin closely misses you. The goblin hits you but does no damage.
The hobgoblin closely misses you. You furiously retaliate!
You headbutt the hobgoblin.
Robin drinks a potion.
Robin is healed!
The goblin hits you but does no damage. You block the goblin's attack.
Your shield and scale mail prevent you from hitting Robin.
You headbutt Robin.
Robin is severely wounded.
The hobgoblin barely misses you. The goblin hits you with a +0 club.
The goblin hits you with a +0 dagger.
* * * LOW HITPOINT WARNING * * *
You closely miss Robin. Your headbutt misses Robin.
Robin is severely wounded.
The hobgoblin hits you.
* * * LOW HITPOINT WARNING * * *
Robin roars a battlecry!
The goblin goes into a battle-frenzy!
The goblin hits you with a +0 club.
* * * LOW HITPOINT WARNING * * *
You block the goblin's attack. The hobgoblin hits you.
You die...

####. ###.#.#
...#.##...#..## ......#
#........##..# .......
##.......###.####
.......###........##.....#
........##.........).....#
.......#g.#......#..._..#
......#g##......##.....#
#.gg@##......##.....#
##.gg##†.....###...>#
#.....############.#
#..##....))..<...#.#
#..#############...# #.##
##..# .... ##.. ......#
### ........#


You could see Robin, a hobgoblin (strong) and 4 goblins.

Vanquished Creatures
  2 adders (D:2)
  A dart slug (D:1)
  A ball python (D:1)
  A bat (D:1)
  3 endoplasms (D:1)
  2 giant cockroaches (D:1)
  8 goblins
  7 hobgoblins
  4 kobolds (D:1)
  2 frilled lizards
  12 rats (D:1)
43 creatures vanquished.

Vanquished Creatures (others)
  A frilled lizard (D:2)
1 creature vanquished.

Grand Total: 44 creatures vanquished

Notes
Turn   | Place    | Note
-------+----------+-------------------------------------------
     0 | D:1      | Metae the Minotaur Fighter began the quest for the Orb.
     0 | D:1      | Reached XP level 1. HP: 19/19 MP: 0/0
   491 | D:1      | Reached XP level 2. HP: 27/27 MP: 1/1
   628 | D:1      | Noticed a floating eye
   633 | D:1      | Found a faded altar of an unknown god.
   637 | D:1      | Noticed an eye of devastation
   638 | D:1      | Noticed a golden eye
   638 | D:1      | Noticed a great orb of eyes
  1198 | D:1      | Reached XP level 3. HP: 33/33 MP: 2/2
  1367 | D:2      | Found an iron altar of Okawaru.
  1376 | D:2      | Became a worshipper of Warmaster Okawaru
  1405 | D:2      | Noticed Robin
  1502 | D:2      | HP: 1/33 [goblin[Robin] (5)]
  1502 | D:2      | Slain by a hobgoblin

Illustrated notes

Levels and vault maps discovered:
D:1:      lightli_arrival_quake, layout_basic,
          hellmonk_ecumenical_altar_watching_god, minmay_rat_gold_closets
D:2:      layout_rooms, basic_altar, roderic_roman_lattice, lemuel_flame_loot_1,
          uniq_robin

Skill      XL: |  1  2 |
---------------+-------+-----
Armour         | 4 |  4.2
Fighting       | 4 |  4.3
Shields        | 4 |  4.3
Polearms       | 3 |  3.2

Action                   || total
-------------------------++-------
Melee: Trident           ||    87
       Headbutt          ||    12
Armor: Scale mail        ||    31
Dodge: Dodged            ||    16
Block: Kite shield       ||    44
